[Event "Titled Tuesday Blitz December 13 Early 2022"]
[White "Fromm, Marius"]
[Black "Zhigalko, Sergei"]
[WhiteFideId "12993190"]
[BlackFideId "13502956"]
[WhiteElo "2593"]
[BlackElo "2861"]
[Result "0-1"]
[Round "04"]
[TimeControl "180+1"]
[Date "2022.12.14"]
[WhiteClock "0:00:08"]
[BlackClock "0:00:05"]

1. e4 c5 2. Nf3 Nc6 3. Bb5 Nf6 4. Nc3 Qc7 5. O-O Nd4 6. Re1 a6 7. Bf1 Ng4 8. e5 h5 9. Nd5 Qc6 10. Nxd4 cxd4 11. Nf4 d6 12. e6 g5 13. exf7+ Kxf7 14. Nxh5 Rxh5 15. Be2 Rh4 16. g3 Nxf2 17. Bf3 Nxd1 18. Bxc6 bxc6 19. gxh4 Bg4 20. hxg5 e5 21. b3 Be7 22. Ba3 Ke6 23. Raxd1 Bxd1 24. Rxd1 Bxg5 25. d3 Bf4 26. Bc1 Rg8+ 27. Kh1 Kf5 28. Bd2 c5 29. Rf1 Rg4 30. h3 Rg3 31. Bxf4 exf4 32. Kh2 Rg8 33. Re1 f3 34. Re7 Kf4 35. Rf7+ Ke3 36. h4 f2 37. h5 Ke2 38. h6 f1=Q 39. Rxf1 Kxf1 40. h7 Rh8 41. Kg3 Rxh7 42. Kf4 Re7 43. Kf3 Ke1 0-1


[Site "https://www.chess.com"]

[Event "Titled Tuesday Blitz December 13 Early 2022"]
[White "Galchenko, Matvey"]
[Black "Goroshkov, Maksym"]
[WhiteFideId "24175480"]
[BlackFideId "14142716"]
[WhiteElo "2861"]
[BlackElo "2596"]
[Result "1-0"]
[Round "04"]
[TimeControl "180+1"]
[Date "2022.12.14"]
[WhiteClock "0:00:12"]
[BlackClock "0:00:02"]

1. f4 e5 2. fxe5 d6 3. Nf3 dxe5 4. e4 Nf6 5. Bc4 Nxe4 6. Qe2 Nd6 7. Bb3 Nc6 8. O-O f6 9. d4 Bg4 10. dxe5 Nxe5 11. Bf4 Bxf3 12. Rxf3 Qe7 13. Bxe5 fxe5 14. Re3 e4 15. Nc3 O-O-O 16. Rd1 g6 17. Nxe4 Nxe4 18. Rxd8+ Qxd8 19. Rxe4 Bc5+ 20. Kh1 Rf8 21. Be6+ Kb8 22. Bc4 a6 23. h3 Ka7 24. Bd3 Rf2 25. Qe1 Qf6 26. b4 Bd6 27. Kg1 Rf4 28. a3 Rxe4 29. Bxe4 Qe5 30. Qe3+ Kb8 31. Qd3 Qh2+ 32. Kf1 Qf4+ 33. Ke2 Qe5 34. c3 g5 35. Qc4 h5 36. Kd3 g4 37. hxg4 hxg4 38. Qg8+ Ka7 39. Qxg4 Qb5+ 40. Kc2 Qc4 41. Bf3 Qa2+ 42. Kd3 Qb1+ 43. Kd4 Qc1 44. Qe4 c6 45. Qe3 Qxa3 46. Kd3+ Kb8 47. Qe8+ Ka7 48. Qe3+ Kb8 49. Qd4 Bc7 50. Qh8+ Ka7 51. Qg7 Kb8 52. Qf8+ Ka7 53. Qe7 Kb8 54. Qe8+ Ka7 55. Qd7 Kb8 56. Bg4 Bg3 57. Qd8+ Ka7 58. Qd4+ Kb8 59. Qe3 Bc7 60. Qe8+ Ka7 61. Qd7 Be5 62. Bf3 Qxc3+ 63. Ke4 Bg3 64. Kf5 Qxb4 65. Bxc6 Qc5+ 66. Bd5 Bc7 67. g4 a5 68. g5 Qd6 69. Qb5 1-0


[Site "https://www.chess.com"]

[Event "Titled Tuesday Blitz December 13 Early 2022"]
[White "Goltseva, Ekaterina"]
[Black "Movahed, Sina"]
[WhiteFideId "24173770"]
[BlackFideId "42520835"]
[WhiteElo "2200"]
[BlackElo "2225"]
[Result "0-1"]
[Round "04"]
[TimeControl "180+1"]
[Date "2022.12.14"]
[WhiteClock "0:00:06"]
[BlackClock "0:00:31"]

1. d4 Nf6 2. Nf3 g6 3. c4 Bg7 4. Nc3 O-O 5. e4 d6 6. Be2 e5 7. O-O exd4 8. Nxd4 Re8 9. f3 c6 10. Bg5 a5 11. Qd2 a4 12. a3 Nbd7 13. Rad1 Nc5 14. Kh1 Qb6 15. Na2 Ne6 16. Be3 Qc7 17. Nxe6 Rxe6 18. Bf4 Qa5 19. Qxa5 Rxa5 20. Bxd6 Re8 21. Bb4 Ra8 22. Bc3 Be6 23. Nb4 Nd7 24. Bxg7 Kxg7 25. Nc2 f5 26. Nd4 Nc5 27. e5 f4 28. Rfe1 Ra6 29. Bf1 Rb6 30. Rd2 g5 31. g3 Nb3 32. Nxe6+ Rxe6 33. Rd7+ Kf8 34. Bh3 Re7 35. Rd8+ Kg7 36. e6 Nc5 37. Rd2 Kf6 38. gxf4 gxf4 39. Ree2 Rb3 40. Kg2 Re3 41. Kf2 Nd3+ 42. Kf1 Ne5 43. Rxe3 fxe3 44. Rd3 Nxd3 0-1


[Site "https://www.chess.com"]

[Event "Titled Tuesday Blitz December 13 Early 2022"]
[White "Gonzalez, Francisco Silva"]
[Black "Torres Dominguez, David"]
[WhiteFideId "1512285"]
[BlackFideId "2220857"]
[WhiteElo "2220"]
[BlackElo "2037"]
[Result "1-0"]
[Round "04"]
[TimeControl "180+1"]
[Date "2022.12.14"]
[WhiteClock "0:00:10"]
[BlackClock "0:00:02"]

1. d4 e5 2. dxe5 d6 3. Nf3 Nc6 4. Bg5 Qd7 5. exd6 Bxd6 6. Nc3 Qg4 7. a3 f6 8. h3 Qh5 9. Bd2 Be6 10. e3 O-O-O 11. Be2 Qg6 12. Bd3 f5 13. g4 Nge7 14. Qe2 Qf7 15. Ng5 Qf6 16. Nxe6 Qxe6 17. O-O-O Ne5 18. Kb1 Nxd3 19. cxd3 g6 20. Bc1 Qf6 21. Qc2 a6 22. e4 fxg4 23. hxg4 Bf4 24. Be3 Bxe3 25. fxe3 h5 26. gxh5 gxh5 27. Rh3 h4 28. Rdh1 Kb8 29. d4 Ng6 30. e5 Qg5 31. R1h2 Qg1+ 32. Ka2 Rdg8 33. Rg2 Qf1 34. Nd5 c6 35. Nf6 Rg7 36. Rhh2 Rh6 37. Rg5 h3 38. d5 cxd5 39. Nxd5 Qb5 40. e4 Qd7 41. Nf6 Qe6+ 42. Qb3 Qe7 43. Nd5 Qe6 44. Rxg6 Rhxg6 45. Rf2 Rf7 46. Rc2 Rg8 47. Rc5 h2 48. Qb4 h1=Q 49. Qc4 1-0


[Site "https://www.chess.com"]

[Event "Titled Tuesday Blitz December 13 Early 2022"]
[White "Goryachkina, Aleksandra"]
[Black "Winterberg, Lukas"]
[WhiteFideId "4147103"]
[BlackFideId "24622702"]
[WhiteElo "2484"]
[BlackElo "2350"]
[Result "1-0"]
[Round "04"]
[TimeControl "180+1"]
[Date "2022.12.14"]
[WhiteClock "0:01:00"]
[BlackClock "0:00:44"]

1. e4 e6 2. d4 d5 3. Nc3 Nf6 4. Bg5 h6 5. Bxf6 Qxf6 6. exd5 Bb4 7. dxe6 Bxe6 8. Nf3 Nc6 9. Bb5 O-O 10. O-O Rfd8 11. Bxc6 bxc6 12. Ne4 Qf4 13. Ng3 Bf8 14. c3 c5 15. Re1 Bg4 16. Re4 Bxf3 17. Rxf4 Bxd1 18. Rxd1 Rab8 19. b3 Bd6 20. Re4 g6 21. Kf1 Kg7 22. Ree1 cxd4 23. Rxd4 Bxg3 24. hxg3 Rxd4 25. cxd4 Kf6 26. Rc1 Rb7 27. Rc6+ Kf5 28. f3 a5 29. Rc5+ Ke6 30. Rxa5 Rb4 31. Rc5 Rxd4 32. Rxc7 Rd2 33. a4 Rb2 34. Rb7 f5 35. a5 Ra2 36. Rb6+ Kd5 37. Rxg6 Kd4 38. Rxh6 Rxa5 39. Rd6+ Ke3 40. Re6+ Kd2 41. f4 Kc3 42. Re5 Ra1+ 43. Kf2 Kxb3 44. Rxf5 Kc4 45. Re5 Kd4 46. Re2 Ra7 47. g4 Kd3 48. g5 Ra4 49. g3 Ra1 50. g6 Rh1 51. Re7 Rh6 52. g7 Rg6 53. f5 Rxg7 54. Rxg7 1-0


[Site "https://www.chess.com"]

[Event "Titled Tuesday Blitz December 13 Early 2022"]
[White "Grandelius, Nils"]
[Black "Czopor, Maciej"]
[WhiteFideId "1710400"]
[BlackFideId "21805431"]
[WhiteElo "2888"]
[BlackElo "2602"]
[Result "1-0"]
[Round "04"]
[TimeControl "180+1"]
[Date "2022.12.14"]
[WhiteClock "0:00:38"]
[BlackClock "0:00:01"]

1. c4 g6 2. Nc3 Nf6 3. g3 Bg7 4. Bg2 O-O 5. Nf3 d6 6. O-O Nc6 7. d4 Bg4 8. h3 Bxf3 9. Bxf3 e5 10. d5 Ne7 11. e4 Nd7 12. h4 h5 13. Rb1 Kh7 14. b4 a5 15. a3 axb4 16. axb4 b6 17. Bb2 Bh6 18. Ra1 f5 19. Rxa8 Qxa8 20. exf5 Nxf5 21. Be4 Nf6 22. Qc2 Qc8 23. Qd3 Ng4 24. Kg2 Nfe3+ 25. Kg1 Nxf1 26. Bxg6+ Kg7 27. Bxh5 Rf6 28. Ne4 Qf5 29. Bxg4 Qxg4 30. Nxf6 Kxf6 31. Kxf1 Qh3+ 32. Ke2 Qh2 33. Qh7 Bg7 34. h5 Qh1 35. Qg6+ 1-0


[Site "https://www.chess.com"]

[Event "Titled Tuesday Blitz December 13 Early 2022"]
[White "Grunberg, Mihai-Lucian"]
[Black "Kuderinov, Kirill"]
[WhiteFideId "1204149"]
[BlackFideId "13701568"]
[WhiteElo "2363"]
[BlackElo "2459"]
[Result "1/2-1/2"]
[Round "04"]
[TimeControl "180+1"]
[Date "2022.12.14"]
[WhiteClock "0:00:08"]
[BlackClock "0:00:10"]

1. Nf3 Nf6 2. c4 e6 3. g3 d5 4. Bg2 Be7 5. O-O O-O 6. d4 b6 7. Nc3 Bb7 8. Ne5 Nbd7 9. Qa4 Nxe5 10. dxe5 Ne4 11. cxd5 Nxc3 12. bxc3 exd5 13. Rd1 c6 14. e4 Qc8 15. exd5 cxd5 16. Ba3 Bxa3 17. Qxa3 Qe6 18. Qd6 Rac8 19. Bxd5 Bxd5 20. Rxd5 Rxc3 21. Rad1 Qf5 22. Qd7 Qxd7 23. Rxd7 Ra3 24. R1d2 Re8 25. Rc7 g5 26. Rdd7 Rf3 27. Kg2 Rf5 28. Rxa7 Rexe5 29. Rd2 Rb5 30. a4 Rb1 31. Ra2 Ra5 32. Rxa5 bxa5 33. Rc2 Rb4 34. Rc5 Rxa4 35. Rxg5+ Kf8 36. Rb5 Ra3 37. Rb7 Kg7 38. Rb6 Ra1 39. Ra6 a4 40. h4 a3 41. Kh2 h5 42. Kg2 f6 43. Kh2 Kg6 44. Kg2 Kf5 45. Ra5+ Kg6 46. Kh2 f5 47. Kg2 Kf6 48. Kf3 Ke6 49. Kf4 Rf1 50. Rxa3 Rxf2+ 51. Kg5 Ke5 52. Kxh5 f4 53. gxf4+ Rxf4 54. Kg5 Rf5+ 55. Kg6 Rf6+ 56. Kg7 Rf4 57. h5 Rg4+ 58. Kf7 Rh4 59. Kg6 Rg4+ 60. Kh7 Kf6 61. h6 Rg1 62. Rf3+ Ke7 63. Kh8 Ke8 64. h7 Ke7 65. Rf4 Ke8 66. Rf3 Ke7 67. Rf4 Ke8 68. Re4+ Kf7 69. Ra4 Kf8 70. Ra8+ Kf7 71. Rg8 Rd1 72. Rg7+ Kf8 73. Rg8+ Kf7 74. Rg7+ Kf8 75. Rg2 Rf1 76. Rg8+ Kf7 77. Rg7+ Kf8 78. Rg8+ Kf7 79. Rg7+ Kf8 80. Rg8+ 1/2-1/2


[Site "https://www.chess.com"]

[Event "Titled Tuesday Blitz December 13 Early 2022"]
[White "Haddouche, Mohamed"]
[Black "Nakamura, Hikaru"]
[WhiteFideId "7900660"]
[BlackFideId "2016192"]
[WhiteElo "2443"]
[BlackElo "2909"]
[Result "0-1"]
[Round "04"]
[TimeControl "180+1"]
[Date "2022.12.13"]
[WhiteClock "0:00:06"]
[BlackClock "0:01:09"]

1. e4 c6 2. d4 d5 3. e5 Bf5 4. h4 h5 5. c4 e6 6. Nc3 dxc4 7. Bxc4 Ne7 8. Nge2 Nd7 9. Ng3 Bg6 10. Bg5 Qb6 11. O-O Nf5 12. Nxf5 Bxf5 13. Bd3 Qxd4 14. Nb5 Qb6 15. Bxf5 cxb5 16. Be4 Be7 17. Bxe7 Kxe7 18. Qc2 Rhd8 19. Qd2 Kf8 20. Qg5 Qd4 21. Bxb7 Rab8 22. Rad1 Qxe5 23. Rxd7 Qxg5 0-1


[Site "https://www.chess.com"]

[Event "Titled Tuesday Blitz December 13 Early 2022"]
[White "Hamley, Ryan"]
[Black "D`Arruda, Ricardo D."]
[WhiteFideId "30959497"]
[BlackFideId "100692"]
[WhiteElo "2600"]
[BlackElo "2449"]
[Result "1-0"]
[Round "04"]
[TimeControl "180+1"]
[Date "2022.12.14"]
[WhiteClock "0:00:17"]
[BlackClock "0:00:05"]

1. e4 c5 2. Nf3 Nc6 3. Bb5 g6 4. c3 Bg7 5. O-O Nf6 6. Re1 O-O 7. d4 cxd4 8. cxd4 d5 9. e5 Ne4 10. Be3 Bd7 11. Nbd2 Nxe5 12. Bxd7 Nxd7 13. Nxe4 dxe4 14. Ng5 Nf6 15. Qb3 Qd7 16. Rac1 h6 17. Nh3 Nd5 18. Nf4 e6 19. Red1 Rac8 20. h4 h5 21. Ne2 Rxc1 22. Bxc1 Rc8 23. Bg5 b5 24. Re1 a5 25. Ng3 f5 26. f3 Bxd4+ 27. Kh1 Bf2 28. Rd1 e3 29. Ne2 Rc4 30. g3 Qc6 31. Qd3 Rc2 32. Nd4 e2 33. Nxc6 exd1=Q+ 34. Qxd1 Rxc6 35. Kg2 Be3 36. Qd3 Kf7 37. Bxe3 Rc2+ 38. Kh3 Nxe3 39. Qxe3 Rxb2 40. Qa7+ Kf8 41. Qxa5 Kf7 42. Qa7+ Kf8 43. Qa3+ b4 44. Qxb2 1-0


[Site "https://www.chess.com"]

[Event "Titled Tuesday Blitz December 13 Early 2022"]
[White "Harsh Suresh"]
[Black "Sprenar, Petr"]
[WhiteFideId "45018464"]
[BlackFideId "397164"]
[WhiteElo "2227"]
[BlackElo "2182"]
[Result "1-0"]
[Round "04"]
[TimeControl "180+1"]
[Date "2022.12.14"]
[WhiteClock "0:00:57"]
[BlackClock "0:00:34"]

1. Nf3 d5 2. c4 e6 3. b3 Nf6 4. Bb2 Be7 5. g3 O-O 6. Bg2 b6 7. O-O c5 8. cxd5 Nxd5 9. d4 Bb7 10. Na3 Nd7 11. Nc4 cxd4 12. Nxd4 Rc8 13. Nb5 Ba6 14. a4 Nc5 15. Nxa7 Rc7 16. Nb5 Rd7 17. Ne5 Ne3 18. Qe1 Nxf1 19. Nxd7 Qxd7 20. Bxf1 Bxb5 21. axb5 Nxb3 22. Qc3 1-0


[Site "https://www.chess.com"]

[Event "Titled Tuesday Blitz December 13 Early 2022"]
[White "Hartikainen, Jarmo"]
[Black "Mestnikov, Aisen"]
[WhiteFideId "503134"]
[BlackFideId "34130117"]
[WhiteElo "2205"]
[BlackElo "2027"]
[Result "1-0"]
[Round "04"]
[TimeControl "180+1"]
[Date "2022.12.14"]
[WhiteClock "0:00:25"]
[BlackClock "0:00:02"]

1. e4 e5 2. Nf3 Nc6 3. Bc4 Bc5 4. c3 Nf6 5. d4 exd4 6. b4 Bb6 7. e5 d5 8. exf6 dxc4 9. Qe2+ Be6 10. b5 d3 11. Qe4 Na5 12. fxg7 Rg8 13. Bg5 Qd5 14. Nbd2 Qxe4+ 15. Nxe4 Rxg7 16. Nf6+ Kf8 17. Bh6 c6 18. bxc6 Nxc6 19. Nh5 Bg4 20. Bxg7+ Kg8 21. Nf6+ Kxg7 22. Nxg4 Re8+ 23. Kd1 Re2 24. Re1 Rc2 25. Nfe5 Nxe5 26. Nxe5 Bxf2 27. Rf1 b5 28. a3 Be3 29. Rxf7+ Kg8 30. Rf3 Rd2+ 31. Ke1 Re2+ 32. Kf1 Bd2 33. Nxd3 Re7 34. Nf4 1-0


[Site "https://www.chess.com"]

[Event "Titled Tuesday Blitz December 13 Early 2022"]
[White "Hoang, Canh Huan"]
[Black "Mortazavi, Ali"]
[WhiteFideId "12400599"]
[BlackFideId "401323"]
[WhiteElo "2283"]
[BlackElo "2339"]
[Result "1-0"]
[Round "04"]
[TimeControl "180+1"]
[Date "2022.12.14"]
[WhiteClock "0:00:25"]
[BlackClock "0:00:01"]

1. Nf3 Nf6 2. g3 g6 3. Bg2 Bg7 4. O-O O-O 5. d4 d6 6. Nc3 Nbd7 7. e4 e5 8. d5 Ne8 9. Re1 h6 10. Nh4 a5 11. a4 Nc5 12. Be3 Kh7 13. Bf3 Bd7 14. Bg4 b6 15. Bxc5 dxc5 16. Bxd7 Qxd7 17. b3 Nd6 18. Qe2 f5 19. exf5 gxf5 20. Rad1 Rae8 21. Qh5 Qf7 22. Qxf7 Rxf7 23. Nb5 e4 24. Nxd6 cxd6 25. Ng2 Be5 26. c4 Rg8 27. Kh1 Bd4 28. Re2 Be5 29. Rf1 f4 30. gxf4 Bxf4 31. Rxe4 Be5 32. f4 Bd4 33. f5 Be5 34. Nh4 Rg5 35. Rg1 Bd4 36. Rgg4 Bf6 37. Ng6 Rxg4 38. Rxg4 Bg5 39. h4 Rxf5 40. hxg5 h5 41. Nh4 Rf1+ 42. Rg1 1-0


[Site "https://www.chess.com"]

[Event "Titled Tuesday Blitz December 13 Early 2022"]
[White "Hoffmann, Asa"]
[Black "Derjabin, Ilja"]
[WhiteFideId "2001470"]
[BlackFideId "14104768"]
[WhiteElo "2117"]
[BlackElo "2309"]
[Result "1-0"]
[Round "04"]
[TimeControl "180+1"]
[Date "2022.12.14"]
[WhiteClock "0:00:37"]
[BlackClock "0:00:12"]

1. d4 Nf6 2. Bg5 c5 3. d5 d6 4. Nc3 h6 5. Bh4 g5 6. Bg3 Qb6 7. Rb1 Nh5 8. e4 Nxg3 9. hxg3 Bg7 10. Bd3 Nd7 11. Nge2 Ne5 12. f4 Ng4 13. Bb5+ Kf8 14. Qd2 c4 15. Rf1 a6 16. Bxc4 Ne3 17. Bb3 Nxg2+ 18. Kd1 Ne3+ 19. Ke1 Nxf1 20. Kxf1 Bh3+ 21. Ke1 Rc8 22. Qd3 Rg8 23. Kd2 Qf2 24. Rh1 Bg4 25. fxg5 h5 26. e5 Bxe5 27. Ne4 Qb6 28. Rf1 Bxb2 29. c3 Qa5 30. Nf4 Rg7 31. Ne6+ Bxe6 32. dxe6 Rxg5 33. Rxf7+ Kg8 34. Nf6+ exf6 35. Qh7# 1-0


[Site "https://www.chess.com"]

[Event "Titled Tuesday Blitz December 13 Early 2022"]
[White "Ibarra Jerez, Jose Carlos"]
[Black "Martinez Ramirez, Lennis"]
[WhiteFideId "2226332"]
[BlackFideId "3509079"]
[WhiteElo "2899"]
[BlackElo "2605"]
[Result "0-1"]
[Round "04"]
[TimeControl "180+1"]
[Date "2022.12.14"]
[WhiteClock "0:00:04"]
[BlackClock "0:00:17"]

1. Nf3 d5 2. g3 Nf6 3. Bg2 c6 4. O-O Bf5 5. d3 e6 6. c4 Bd6 7. Nc3 Qc7 8. cxd5 Nxd5 9. e4 Nxc3 10. bxc3 Bg4 11. d4 e5 12. dxe5 Bxe5 13. Ba3 Nd7 14. Qb3 Be6 15. Qb2 O-O-O 16. Nd4 Bc4 17. Rfd1 Nb6 18. f4 Bd6 19. Bxd6 Rxd6 20. e5 Rg6 21. Nf5 Bd5 22. Qa3 Kb8 23. Rab1 h5 24. Nd6 h4 25. f5 Rg4 26. Rd4 Rxd4 27. cxd4 hxg3 28. Qxg3 f6 29. Bxd5 cxd5 30. Nb5 Qc2 31. exf6+ Ka8 32. Nc7+ Kb8 33. Nxd5+ Ka8 34. Nc7+ Kb8 35. Nb5+ Ka8 36. Na3 Qd2 37. fxg7 Qxd4+ 38. Kh1 Rg8 39. Rg1 Qe4+ 40. Qg2 Qxf5 41. Nc2 Nd5 42. Rf1 Nf4 43. Ne3 Qe5 44. Qf3 Qxg7 45. Qxf4 a6 46. Qf3 Qh6 47. Nf5 Qg5 48. Ng3 Rh8 49. Rb1 Rh7 50. Qf8+ Ka7 51. Qf2+ Ka8 52. Rf1 Qd5+ 53. Qf3 Qxa2 54. Qf8+ Ka7 55. Qc5+ b6 56. Qe5 Qxh2# 0-1


[Site "https://www.chess.com"]

[Event "Titled Tuesday Blitz December 13 Early 2022"]
[White "Ingebretsen, Jens E"]
[Black "Bashirli, Saadat"]
[WhiteFideId "1522965"]
[BlackFideId "13429990"]
[WhiteElo "2213"]
[BlackElo "1408"]
[Result "1-0"]
[Round "04"]
[TimeControl "180+1"]
[Date "2022.12.14"]
[WhiteClock "0:01:07"]
[BlackClock "0:00:14"]

1. b3 d5 2. Bb2 c6 3. Nf3 Nf6 4. g3 Bf5 5. Bg2 h6 6. O-O e6 7. d3 Be7 8. Nbd2 O-O 9. c4 Nbd7 10. Qe1 a6 11. e4 dxe4 12. dxe4 Bg6 13. Rd1 Qc7 14. e5 Ne8 15. Ne4 Bxe4 16. Qxe4 Rd8 17. h4 Nc5 18. Qe2 g6 19. h5 g5 20. Nh2 Ng7 21. Ng4 Kh7 22. Be4+ Nxe4 23. Qxe4+ Nf5 24. Ne3 Kg7 25. Nxf5+ exf5 26. e6+ f6 27. Qxf5 Rd6 28. Qg6+ Kh8 29. Qxh6+ Kg8 30. Qg6+ Kh8 31. h6 Rg8 32. Bxf6+ Bxf6 33. Qxf6+ Kh7 34. Rxd6 Qxd6 35. Qf7+ Kh8 36. e7 Qe5 37. Qf8 Qe6 38. Kh2 Kh7 39. Rd1 Qe2 40. Rd7 Kh8 41. h7 Kxh7 42. e8=Q+ Kh8 43. Qh6# 1-0


[Site "https://www.chess.com"]

[Event "Titled Tuesday Blitz December 13 Early 2022"]
[White "Itkis, Boris"]
[Black "Kuzmin, Roman"]
[WhiteFideId "1209167"]
[BlackFideId "44134932"]
[WhiteElo "2216"]
[BlackElo "2180"]
[Result "0-1"]
[Round "04"]
[TimeControl "180+1"]
[Date "2022.12.14"]
[WhiteClock "0:00:06"]
[BlackClock "0:00:19"]

1. c4 e6 2. Nf3 d5 3. g3 Nf6 4. Bg2 Be7 5. O-O O-O 6. b3 Nbd7 7. Bb2 c6 8. e3 b6 9. Qe2 Ba6 10. Ne1 e5 11. f4 Bd6 12. d3 Re8 13. f5 e4 14. d4 c5 15. Kh1 cxd4 16. exd4 Rc8 17. Na3 Bxa3 18. Bxa3 dxc4 19. Rc1 b5 20. Nc2 Nd5 21. Nb4 Nxb4 22. Bxb4 Nf6 23. Bc5 Rc6 24. g4 cxb3 25. axb3 b4 26. Qf2 Nxg4 27. Qg3 Bxf1 28. Rxf1 Nf6 29. Rg1 Nh5 30. Qg4 Rh6 31. Bxe4 Qc7 32. Bf3 f6 33. Bxb4 Qf4 34. Qxf4 Nxf4 35. Bd2 Rh4 36. Bxf4 Rxf4 37. Bd5+ Kf8 38. Bc4 Rxf5 39. Ra1 Rf2 40. Rxa7 Re1+ 0-1


[Site "https://www.chess.com"]

[Event "Titled Tuesday Blitz December 13 Early 2022"]
[White "Jakubowska, Anna"]
[Black "Levine, David"]
[WhiteFideId "1121952"]
[BlackFideId "2011611"]
[WhiteElo "2001"]
[BlackElo "2113"]
[Result "1-0"]
[Round "04"]
[TimeControl "180+1"]
[Date "2022.12.14"]
[WhiteClock "0:01:10"]
[BlackClock "0:00:02"]

1. e4 e5 2. Nc3 Nf6 3. g3 Bc5 4. Bg2 O-O 5. d3 d6 6. h3 a6 7. Nge2 Nc6 8. O-O Be6 9. Kh2 d5 10. Bg5 dxe4 11. Nxe4 Be7 12. Bxf6 Bxf6 13. f4 Qc8 14. Nxf6+ gxf6 15. Nc3 Kh8 16. Ne4 Qd8 17. Qh5 Rg8 18. fxe5 fxe5 19. Rf6 Rg6 20. Raf1 Qg8 21. Qh4 Qg7 22. Rxg6 fxg6 23. Nc5 Bg8 24. Nxb7 Nd4 25. c3 Ne2 26. Qe4 1-0


[Site "https://www.chess.com"]

[Event "Titled Tuesday Blitz December 13 Early 2022"]
[White "Jaskolka, Tomasz"]
[Black "Ardila, Oscar Humberto"]
[WhiteFideId "1170791"]
[BlackFideId "4404742"]
[WhiteElo "2126"]
[BlackElo "1961"]
[Result "1-0"]
[Round "04"]
[TimeControl "180+1"]
[Date "2022.12.14"]
[WhiteClock "0:00:13"]
[BlackClock "0:00:14"]

1. e4 e5 2. Nf3 Nf6 3. Nxe5 d6 4. Nf3 Nxe4 5. d4 Be7 6. Bd3 d5 7. c4 Nc6 8. Nc3 Nxc3 9. bxc3 O-O 10. O-O Bf6 11. Rb1 dxc4 12. Bxc4 Na5 13. Bd3 b6 14. Re1 Bg4 15. h3 Bh5 16. Ba3 Re8 17. Be4 Rb8 18. Qd3 Bg6 19. Bxg6 hxg6 20. Qb5 c6 21. Qa6 Qd7 22. Bb4 Qd5 23. Qxa7 Nc4 24. Qc7 Rbc8 25. Qf4 Ra8 26. Rxe8+ Rxe8 27. a4 Re4 28. Qb8+ Kh7 29. Qc8 Re2 30. Qg4 Ra2 31. h4 Rxa4 32. Ng5+ Bxg5 33. hxg5 Ra8 34. Re1 c5 35. dxc5 bxc5 36. Re4 Ne5 37. Qh3+ Kg8 38. Rh4 Kf8 39. Bxc5+ Qxc5 40. Rh8+ Ke7 41. Rxa8 Qxc3 42. Qxc3 1-0


[Site "https://www.chess.com"]

[Event "Titled Tuesday Blitz December 13 Early 2022"]
[White "Jobava, Baadur"]
[Black "Xu, Yi"]
[WhiteFideId "13601520"]
[BlackFideId "8605564"]
[WhiteElo "2582"]
[BlackElo "2471"]
[Result "1-0"]
[Round "04"]
[TimeControl "180+1"]
[Date "2022.12.13"]
[WhiteClock "0:00:58"]
[BlackClock "0:00:03"]

1. b3 b6 2. Bb2 Bb7 3. d4 Nf6 4. Nf3 e6 5. c4 d5 6. e3 Bd6 7. Be2 Nbd7 8. Nc3 a6 9. Qc2 Qe7 10. Rd1 O-O 11. O-O Ne4 12. Nd2 f5 13. f4 Ndf6 14. Nf3 c5 15. Nxe4 Nxe4 16. Ne5 Rac8 17. Bf3 cxd4 18. Bxd4 Bxe5 19. Bxe5 dxc4 20. bxc4 Rfd8 21. Qb2 Nc5 22. Rxd8+ Rxd8 23. Qxb6 Bxf3 24. gxf3 Rd2 25. Rf2 Rd1+ 26. Rf1 Rd2 27. Rf2 Rd1+ 28. Kg2 Nd3 29. Re2 Ne1+ 30. Kg3 Nd3 31. Qxa6 h5 32. Kh3 Rg1 33. Rg2 Rxg2 34. Kxg2 Qh4 35. Qxe6+ Kh8 36. Qc8+ 1-0


[Site "https://www.chess.com"]

[Event "Titled Tuesday Blitz December 13 Early 2022"]
[White "Jumanov, Elbek"]
[Black "Winkels, Marcel"]
[WhiteFideId "14202905"]
[BlackFideId "1003887"]
[WhiteElo "2055"]
[BlackElo "1900"]
[Result "1-0"]
[Round "04"]
[TimeControl "180+1"]
[Date "2022.12.14"]
[WhiteClock "0:00:52"]
[BlackClock "0:00:01"]

1. c4 Nf6 2. Nf3 c5 3. Nc3 d5 4. cxd5 Nxd5 5. g3 g6 6. Bg2 Bg7 7. O-O Nxc3 8. bxc3 O-O 9. Rb1 Nc6 10. Qc2 Qc7 11. d3 Bf5 12. a4 c4 13. e4 cxd3 14. Qxd3 Rad8 15. Qe2 Bg4 16. h3 Bxf3 17. Qxf3 Ne5 18. Qe3 b6 19. a5 Nc4 20. axb6 Nxb6 21. Ba3 Nc4 22. Qc5 Qxc5 23. Bxc5 Rd7 24. Rfd1 Rxd1+ 25. Rxd1 Rc8 26. Bxa7 Bxc3 27. Rc1 Nd6 28. Be3 Ba5 29. Ra1 Bd8 30. Ra7 Nc4 31. Bd4 e5 32. Bc3 Bb6 33. Rb7 Bd4 34. Bxd4 exd4 35. Rd7 Ne5 36. Rxd4 Rc1+ 37. Kh2 Rc2 38. Rd5 1-0


[Site "https://www.chess.com"]

[Event "Titled Tuesday Blitz December 13 Early 2022"]
[White "Kaganskiy, Gleb"]
[Black "Le Ruyet, Leopold"]
[WhiteFideId "4132025"]
[BlackFideId "645923"]
[WhiteElo "2165"]
[BlackElo "2276"]
[Result "1/2-1/2"]
[Round "04"]
[TimeControl "180+1"]
[Date "2022.12.14"]
[WhiteClock "0:00:21"]
[BlackClock "0:00:04"]

1. e4 d6 2. d4 Nf6 3. Nc3 e5 4. Nf3 Nbd7 5. Bc4 Be7 6. dxe5 dxe5 7. Bxf7+ Kxf7 8. Ng5+ Kg8 9. Ne6 Qe8 10. Nxc7 Qg6 11. Nxa8 Qxg2 12. Rf1 b6 13. Nc7 Bb4 14. Nd5 Qxe4+ 15. Ne3 Kf7 16. Bd2 Bxc3 17. Bxc3 Rd8 18. Qe2 Nc5 19. Qc4+ Qxc4 20. Nxc4 Ba6 21. Nxe5+ Ke6 22. Rg1 Nfe4 23. f4 g5 24. Nc6 Rf8 25. fxg5 Nf2 26. Bf6 Nce4 27. Nd4+ Kd5 28. Ne2 Nh3 29. O-O-O+ Kc6 30. Nd4+ Kb7 31. Ne6 Re8 32. Rd7+ Kc6 33. Rxa7 Rxe6 34. Rxa6 Nxg1 35. b3 Ne2+ 36. Kb2 Nf4 37. Ra8 Nd5 38. Rc8+ Kd7 39. Rd8+ Kc7 40. Rh8 Ndxf6 41. gxf6 Nxf6 42. a4 Kc6 43. b4 Re2 44. Kb3 Rf2 45. h4 Rf4 46. b5+ Kb7 47. Rf8 Nd5 48. Rd8 Rf3+ 49. Kc4 Ne3+ 50. Kd4 Nf5+ 51. Ke5 Nxh4 52. Rd7+ Kc8 53. Rxh7 Rc3 54. Rxh4 Rxc2 55. Kd5 Rc5+ 56. Kd6 Kb7 57. Rh7+ Kb8 58. a5 Rxb5 59. Kc6 Rc5+ 60. Kxb6 Rc8 61. a6 Rg8 62. Rf7 Rc8 63. Re7 Ka8 64. Ra7+ Kb8 65. Rb7+ Ka8 66. Ra7+ Kb8 67. Rb7+ Ka8 68. Ra7+ 1/2-1/2


[Site "https://www.chess.com"]

[Event "Titled Tuesday Blitz December 13 Early 2022"]
[White "Kalashian, David"]
[Black "Hirneise, Jens"]
[WhiteFideId "13302418"]
[BlackFideId "24614734"]
[WhiteElo "2490"]
[BlackElo "2345"]
[Result "1/2-1/2"]
[Round "04"]
[TimeControl "180+1"]
[Date "2022.12.14"]
[WhiteClock "0:00:23"]
[BlackClock "0:00:20"]

1. d4 d6 2. e4 Nf6 3. Nc3 e5 4. Nf3 Nbd7 5. Bc4 Be7 6. O-O O-O 7. a4 a6 8. Re1 b6 9. h3 c6 10. dxe5 Nxe5 11. Nxe5 dxe5 12. Be3 Qc7 13. Qe2 b5 14. axb5 cxb5 15. Bxb5 Bb7 16. Bd3 a5 17. Bg5 Kh8 18. Bxf6 Bxf6 19. Nd5 Bxd5 20. exd5 g6 21. c4 Rfb8 22. Rac1 Qc5 23. Qe3 Qxe3 24. fxe3 Rxb2 25. c5 a4 26. c6 Rd2 27. Red1 Rxd1+ 28. Rxd1 e4 29. Bxe4 a3 30. c7 a2 31. d6 a1=Q 32. Rxa1 Rxa1+ 33. Kf2 Rc1 34. Bd5 Be5 35. Bb7 Bxd6 36. c8=Q+ Rxc8 37. Bxc8 Kg7 38. Kf3 f5 39. g4 fxg4+ 40. Kxg4 Kf6 41. Ba6 h5+ 42. Kf3 g5 43. Ke4 g4 44. Kd5 g3 45. Bf1 Bb8 46. Ke4 Bc7 47. Kf3 Bd6 48. Be2 Kg5 49. Kg2 Kh4 50. e4 Kg5 51. Bf3 Be5 52. Bd1 h4 53. Bg4 Kf4 54. Bf5 Bd6 55. Bg6 Be5 56. Bh7 Bd6 57. Bf5 Be5 58. Bc8 Bd6 59. Bb7 Be5 60. Bd5 Bd6 61. Ba8 Be5 62. Bb7 Bd6 63. e5 Bxe5 64. Bf3 Bd4 65. Bd1 Be5 66. Bf3 Ke3 67. Bd1 Bf4 68. Bg4 Be5 69. Bh5 Kd2 70. Bg4 Ke1 71. Bh5 Bd6 72. Bg4 Be7 73. Bh5 Bd8 74. Bg4 Be7 75. Bh5 Bd8 76. Bg4 Be7 1/2-1/2


[Site "https://www.chess.com"]